 Dungeon Crawl Stone Soup version 0.28-a0-1382-g92835e5c71 (webtiles) character file.

Game seed: 9205403589790560406

2 YayAnonymity the Shooter (level 1, 0/16 HPs)
             Began as a Demonspawn Hunter on Jan 1, 2022.
             Slain by an adder (4 damage)
             ... on level 2 of the Dungeon.
             The game lasted 00:00:26 (255 turns).

YayAnonymity the Shooter (Demonspawn Hunter)         Turns: 255, Time: 00:00:27

Health: 0/16       AC:  3    Str: 12    XL:     1   Next: 33%
Magic:  1/1        EV: 11    Int: 12    God:
Gold:   0          SH:  0    Dex: 13    Spells: 0/0 levels left

rFire   . . .      SeeInvis .   b - +0 short sword
rCold   . . .      Faith    .   (no shield)
rNeg    . . .      Spirit   .   c - +0 leather armour
rPois   .          Reflect  .   (no helmet)
rElec   .          Harm     .   (no cloak)
rCorr   .          Rampage  .   (no gloves)
Will    .....                   (no boots)
Stlth   +.........              (no amulet)
HPRegen 0.05/turn               (no ring)
MPRegen 0.07/turn               (no ring)

@: no status effects
A: no striking features
a: no special abilities


You were on level 2 of the Dungeon.
You visited 1 branch of the dungeon, and saw 2 of its levels.

Inventory:

Hand Weapons
 a - a +1 shortbow
 b - a +0 short sword (weapon)
Missiles
 d - 19 arrows
Armour
 c - a +0 leather armour (worn)


   Skills:
 - Level 2.0 Fighting
 + Level 3.7 Bows
 - Level 1.7 Dodging
 - Level 0.8 Stealth


You couldn't memorise any spells.
You didn't know any spells.
Your spell library was empty.

Dungeon Overview and Level Annotations

Branches:
Dungeon (1/15)

Altars:


Message History

a - a +1 shortbow (weapon)
d - 18 arrows (gained 1)
d - 19 arrows (gained 1)
A sourceless malevolence fills the Dungeon...
You fall into a shaft and drop 1 floor!
The shaft crumbles and collapses.
A bat comes into view.
Found a scroll labelled VUNUMN BOID.
Found a stone staircase leading up.
b - a +0 short sword (weapon)
A rat and an endoplasm come into view.
The endoplasm quivers.
The bat hits you but does no damage.
An adder comes into view.
The bat misses you.
You closely miss the bat. The bat barely misses you.
Found a scroll labelled VUNUMN BOID.
The bat closely misses you.
You barely miss the endoplasm. The bat closely misses you.
The endoplasm hits you but does no damage.
The bat hits you but does no damage. The bat barely misses you.
The bat hits you. The rat bites you. The bat barely misses you.
The bat closely misses you. The bat hits you but does no damage.
The adder bites you.
A goblin comes into view. It is wielding a +0 dagger.
The goblin shouts!
The adder bites you. The adder closely misses you. The adder bites you.
You are poisoned.
The adder poisons you!
You feel sick.
You feel sick.
Found a war axe.
You feel sick.
You feel sick. The adder closely misses you.
You feel sick.
You are no longer poisoned.
The adder bites you.
You die...

#.# #.# #######.##
.........## ##
......... . .#
.)....### .#. #.....#
... ### ##.@S..####.#
... #...........##.####
.#.##......####........
..........g............
...##.#..##.###.##.###
...#.?#.J##.# #.#
......#..##.# #g#
.........#.#.##.#
#........b###.#.#


You could see an adder, an endoplasm and a goblin.

Vanquished Creatures
  A goblin (D:1)
  A hobgoblin (D:1)
2 creatures vanquished.

Notes
Turn   | Place    | Note
-------+----------+-------------------------------------------
     0 | D:1      | YayAnonymity the Demonspawn Hunter began the quest for the
                  | Orb.
     0 | D:1      | Reached XP level 1. HP: 16/16 MP: 1/1
   222 | D:1      | You fall into a shaft and drop 1 floor!
   255 | D:2      | Slain by an adder

Illustrated notes

Levels and vault maps discovered:
D:1:      lightli_arrival_maybe_door_vault, layout_loops_cross
D:2:      layout_loops_ring, grunt_decor_one_mirror, uniq_jessica

Action                   || total
-------------------------++-------
Melee: Short sword       ||     6
 Fire: Shortbow          ||     6
Armor: Leather armour    ||     4
Dodge: Dodged            ||    12

Table legend: (Time is in decaauts)
 A = Elapsed time spent in this place.
 B = Non-inter-level travel time spent in this place.
 C = Inter-level travel time spent in this place.
 D = Time resting spent in this place.
 E = Time spent auto-exploring this place.
 F = Levels seen in this place.
 G = Mean time per level.
                   A        B        C        D        E       F      G
               +--------+--------+--------+--------+--------+-----+--------+
         Total |    254 |    254 |      0 |    146 |     57 |   2 |  127.0 |
       Dungeon |    254 |    254 |      0 |    146 |     57 |   2 |  127.0 |
               +--------+--------+--------+--------+--------+-----+--------+

Top non-repeatable levels by time:
     D:1: 222 daAuts
     D:2: 32 daAuts
